General information
- name: oYo-Kali P:| L:13
- type: Ladder 1vs1/FFA
- host: oYo-Kali
- saver: DkH.CieN
map: BasaltBasin_1.3
- players: 10
- length: 14:33
- speed: Fast
- version: 1.26 W3XP
- replay type: Public
» download(156 KB)
Players
team 1 (winner)
DkH.Starshaped (
teal | 134 APM | 1955 actions | 14:32)
4 Archmage
2 Summon Water Elemental
2 Brilliance Aura
3 Mountain King
2 Storm Bolt
1 Thunder Clap
» actions
| Assign group hotkey | 65 | |
| Basic commands | 179 | |
| Build / train | 48 | |
| Enter build submenu | 17 | |
| Enter hero's abilities submenu | 8 | |
| Right click | 584 | |
| Select / deselect | 356 | |
| Select group hotkey | 618 | |
| Use ability | 80 | |
1955 total
» units
| Peasant | 10 | |
| Footman | 10 | |
| Sorceress | 2 | |
| Priest | 4 | |
| Spell Breaker | 6 | |
| Forest Troll Berserker | 1 | |
33 total
» upgrades
» buildings
| Farm | 8 | |
| Altar of Kings | 1 | |
| Barracks | 1 | |
| Scout Tower | 1 | |
| Arcane Tower | 1 | |
| Arcane Vault | 1 | |
| Keep | 1 | |
| Arcane Sanctum | 2 | |
16 total
» build order
00:08 Farm
00:10 Altar of Kings
00:19 Barracks
01:04 Farm
01:40 Farm
02:28 Scout Tower
03:05 Arcane Tower
03:18 Arcane Vault
03:49 Keep
03:55 Farm
04:23 Farm
06:18 Arcane Sanctum
06:20 Arcane Sanctum
09:54 Farm
11:12 Farm
11:47 Farm
» items
| Scroll of Regeneration | 1 | |
| Lesser Clarity Potion | 1 | |
2 total
DkH.Rain (
dark-green | 134 APM | 1950 actions | 14:32)
5 Death Knight
3 Death Coil
2 Unholy Aura
3 Lich
1 Frost Armor
2 Frost Nova
2 Dark Ranger
1 Silence
1 Black Arrow
» actions
| Assign group hotkey | 71 | |
| Basic commands | 28 | |
| Build / train | 47 | |
| Enter build submenu | 15 | |
| Enter hero's abilities submenu | 10 | |
| Right click | 824 | |
| Select / deselect | 273 | |
| Select group hotkey | 556 | |
| Use ability | 126 | |
1950 total
» units
| Acolyte | 2 | |
| Ghoul | 2 | |
| Crypt Fiend | 7 | |
| Obsidian Statue | 7 | |
18 total
» upgrades
| Burrow | 1 | |
| Destroyer Form | 1 | |
| Creature Attack | 2 | |
| Creature Carapace | 1 | |
| Web | 1 | |
6 total
» buildings
| Altar of Darkness | 1 | |
| Ziggurat | 6 | |
| Crypt | 1 | |
| Tomb of Relics | 1 | |
| Graveyard | 1 | |
| Halls of the Dead | 1 | |
| Nerubian Tower | 1 | |
| Black Citadel | 1 | |
| Slaughterhouse | 1 | |
14 total
» build order
00:04 Altar of Darkness
00:07 Ziggurat
00:36 Crypt
00:51 Tomb of Relics
01:35 Graveyard
02:35 Halls of the Dead
02:56 Ziggurat
04:00 Nerubian Tower
04:58 Black Citadel
05:34 Slaughterhouse
06:42 Ziggurat
06:46 Ziggurat
08:14 Ziggurat
10:45 Ziggurat
» items
| Rod of Necromancy | 2 | |
| Dust of Appearance | 1 | |
| Orb of Corruption | 1 | |
4 total
team 2 (loser)
SpoKi[bEoN] (
red | 153 APM | 2213 actions | 14:29)
5 Archmage
3 Summon Water Elemental
2 Brilliance Aura
3 Mountain King
2 Storm Bolt
1 Bash
» actions
| Assign group hotkey | 53 | |
| Basic commands | 7 | |
| Build / train | 62 | |
| Enter build submenu | 15 | |
| Enter hero's abilities submenu | 8 | |
| Give item / drop item | 1 | |
| Right click | 851 | |
| Select / deselect | 478 | |
| Select group hotkey | 638 | |
| Use ability | 100 | |
2213 total
» units
| Peasant | 13 | |
| Footman | 7 | |
| Forest Troll Shadow Priest | 2 | |
| Forest Troll Berserker | 1 | |
| Mud Golem | 1 | |
| Mortar Team | 5 | |
| Knight | 5 | |
34 total
» upgrades
| Animal War Training | 1 | |
| Fragmentation Shards | 1 | |
2 total
» buildings
| Altar of Kings | 1 | |
| Farm | 7 | |
| Barracks | 1 | |
| Scout Tower | 1 | |
| Arcane Tower | 1 | |
| Keep | 1 | |
| Arcane Vault | 1 | |
| Lumber Mill | 1 | |
| Blacksmith | 1 | |
| Castle | 2 | |
| Workshop | 2 | |
19 total
» build order
00:04 Altar of Kings
00:17 Farm
00:19 Barracks
00:56 Farm
01:45 Farm
02:00 Scout Tower
02:28 Arcane Tower
02:52 Farm
04:00 Farm
05:01 Keep
06:10 Arcane Vault
07:14 Lumber Mill
07:15 Blacksmith
07:22 Castle
07:22 Castle
08:06 Workshop
08:08 Workshop
10:15 Farm
10:39 Farm
» items
| Lesser Clarity Potion | 1 | |
| Scroll of Regeneration | 3 | |
| Staff of Sanctuary | 3 | |
| Potion of Healing | 3 | |
10 total
dA-MoY. (
green | 216 APM | 3135 actions | 14:32)
4 Blademaster
2 Wind Walk
2 Critical Strike
4 Shadow Hunter
2 Hex
2 Healing Wave
» actions
| Assign group hotkey | 61 | |
| Basic commands | 2 | |
| Build / train | 57 | |
| Enter build submenu | 12 | |
| Enter hero's abilities submenu | 8 | |
| Give item / drop item | 5 | |
| Right click | 890 | |
| Select / deselect | 299 | |
| Select group hotkey | 1737 | |
| Use ability | 64 | |
3135 total
» units
» upgrades
| Berserker Strength | 1 | |
| Envenomed Spears | 1 | |
| Reinforced Defenses | 1 | |
| Ranged Weapons | 1 | |
4 total
» buildings
| Altar of Storms | 1 | |
| Orc Burrow | 6 | |
| Barracks | 1 | |
| Voodoo Lounge | 1 | |
| Stronghold | 2 | |
| Beastiary | 2 | |
| Fortress | 2 | |
| War Mill | 1 | |
16 total
» build order
00:08 Altar of Storms
00:19 Orc Burrow
00:34 Barracks
01:33 Orc Burrow
02:01 Voodoo Lounge
02:52 Stronghold
02:52 Stronghold
03:28 Orc Burrow
05:22 Beastiary
05:59 Beastiary
06:20 Fortress
06:20 Fortress
07:00 Orc Burrow
08:57 War Mill
10:37 Orc Burrow
12:49 Orc Burrow
» items
| Healing Salve | 6 | |
| Boots of Speed | 1 | |
| Scroll of Speed | 2 | |
| Orb of Lightning | 1 | |
| Lesser Clarity Potion | 1 | |
| Potion of Lesser Invulnerability | 1 | |
12 total
observersoYo-Kali,
gS-Wc3|Balnazza,
mystic_girl,
DkH.ZoZ,
DkH.Fly,
DkH.CieN Chat log
(02:29 / Observers) DkH.CieN: wie ich bayern abfeier
(03:05 / Observers) DkH.CieN: kollege gestern "wenn robbery" halbwegs fittbleiben is bayern ne liga für sich
(03:11 / Observers) DkH.Fly: na kla
(03:13 / Observers) DkH.Fly: .
(03:19 / Observers) DkH.Fly: total overrated spieler
(03:24 / Observers) DkH.CieN: leztes jahr waren die ja verlezt
(03:31 / Observers) DkH.CieN: deshalb bvb nur meister^^
(03:32 / Observers) DkH.CieN: ;/
(03:35 / Observers) DkH.Fly: da hat bayern ja auch mehr punkte geholt
(03:38 / Observers) DkH.Fly: :D
(03:41 / Observers) DkH.Fly: als mit den beiden
(03:43 / Observers) DkH.CieN: vorallem
(03:50 / Observers) DkH.CieN: ham in beiden spielen
(03:53 / Observers) DkH.CieN: hin und rück
(03:57 / Observers) DkH.CieN: beide gespielt
(04:04 / Observers) DkH.CieN: und bvb einfach ausgeschaltet
(04:11 / Observers) DkH.CieN: immer gedoppelt
(05:26 / Observers) DkH.CieN: iwie find ich die map ganz ok
(05:27 / Observers) DkH.Fly: aber cl finale
(05:29 / Observers) DkH.Fly: wird wieder
(05:33 / Observers) DkH.Fly: bzw wird
(05:35 / Observers) DkH.Fly: real barca
(05:40 / Observers) DkH.CieN: ma gucken
(05:54 / Observers) DkH.CieN: gibt halt teams
(05:57 / Observers) DkH.CieN: die muste immer
(05:57 / Observers) DkH.Fly: vll noch manu
(06:01 / Observers) DkH.CieN: auffen schirm haben
(06:06 / Observers) DkH.Fly: epic spiel heute
(06:07 / Observers) DkH.CieN: inter und ac
(06:09 / Observers) DkH.CieN: yo
(06:10 / Observers) DkH.Fly: 0-2 ggn city
(06:11 / Observers) DkH.CieN: gesehn
(06:13 / Observers) DkH.Fly: dann 3-2
(06:20 / Observers) DkH.CieN: guter fail aber auch
(06:26 / Observers) DkH.CieN: in der nachspielzeit
(06:26 / Observers) DkH.Fly: y
(06:28 / Observers) DkH.CieN: ALLES nach vorne
(06:29 / Observers) DkH.CieN: xd
(06:33 / Observers) DkH.CieN: beim 2-2
(06:35 / Observers) DkH.CieN: und dann 2-3
(06:36 / Observers) DkH.CieN: xd
(06:38 / Observers) DkH.Fly: ^^^
(06:56 / Observers) DkH.CieN: ich wa iwie für mancity
(07:00 / Observers) DkH.Fly: niemals
(07:05 / Observers) DkH.Fly: merctruppe
(07:08 / Observers) DkH.CieN: ham hübsche trikos
(07:09 / Observers) DkH.CieN: ^^
(07:11 / Observers) DkH.CieN: jo
(07:19 / Observers) DkH.CieN: eig hoffenheim nur noch schlimmer
(07:33 / Observers) DkH.CieN: der balutelli
(07:38 / Observers) DkH.CieN: oder wie der geschrieben wird
(07:43 / Observers) DkH.Fly: balotelli
(07:43 / Observers) DkH.CieN: dem kannste den IQ
(07:48 / Observers) DkH.CieN: an den augen abzählen
(07:48 / Observers) DkH.CieN: xd
(08:01 / Observers) DkH.Fly: chelsea
(08:01 / Observers) DkH.CieN: kennste den clip
(08:04 / Observers) DkH.Fly: nun lukaku
(08:06 / Observers) DkH.Fly: richtig gut
(08:17 / Observers) DkH.CieN: wo ers nid geschafft hat ein trainigns leibchen allein anzuziehen?
(08:21 / Observers) DkH.Fly: y
(08:22 / Observers) DkH.Fly: :D
(08:24 / Observers) DkH.CieN: geil
(08:25 / Observers) DkH.CieN: ^^
(09:02 / Observers) DkH.CieN: fly
(09:06 / Observers) DkH.CieN: is das ne gute map
(09:07 / Observers) DkH.CieN: ?
(09:10 / Observers) DkH.Fly: ka
(09:16 / Observers) DkH.CieN: is doch eig schön für uds
(09:19 / Observers) DkH.Fly: ye
(09:48 / Observers) DkH.Fly: wasn creepspot
(09:49 / Observers) DkH.Fly: D:
(09:56 / Observers) DkH.CieN: wenn der lich nid weggesniped
(09:57 / Observers) DkH.CieN: wird
(10:17 / Observers) DkH.ZoZ: whats there
(10:36 / Observers) DkH.CieN: dunno
(10:38 / Observers) DkH.CieN: now i wanna know
(10:39 / Observers) DkH.CieN: ^^
(10:40 / Observers) DkH.ZoZ: same as there
(10:43 / Observers) DkH.ZoZ: mb
(11:50 / Observers) DkH.ZoZ: periapt of vitality
(11:52 / Observers) DkH.ZoZ: from red spot
(11:54 / Observers) DkH.ZoZ: good stuff
(12:32 / Observers) DkH.Fly: oyo win this
(12:46 / Observers) DkH.CieN: noo
(13:39 / Observers) DkH.Fly: k notD:
(14:29 / All) SpoKi[bEoN]: g
(14:30 / All) dA-MoY.: gg
(14:31 / All) DkH.Starshaped: gg